 Dungeon Crawl Stone Soup version 0.29.0-4-gdea44cf6ec (webtiles) character file.

Game seed: 11874893048415123707

464 qw the Chopper (level 7, -4/44 HPs)
             Began as a Gargoyle Fighter on Sept 9, 2022.
             Slain by an iguana (5 damage)
             ... on level 5 of the Dungeon.
             The game lasted 00:01:12 (3316 turns).

qw the Chopper (Gargoyle Fighter)                   Turns: 3316, Time: 00:01:12

Health: -4/44      AC: 18    Str: 21    XL:     7   Next: 7%
Magic:  7/7        EV:  5    Int:  9    God:
Gold:   51         SH:  4    Dex:  9    Spells: 6/6 levels left

rFire   . . .      SeeInvis .   Y - +1 war axe (vorpal)
rCold   . . .      Faith    .   c - +0 buckler
rNeg    + + .      Spirit   .   p - +0 plate armour
rPois   inf        Reflect  .   i - +0 helmet
rElec   +          Harm     .   (no cloak)
rCorr   .          Rampage  .   h - +0 pair of gloves
Will    .....                   (no boots)
Stlth   ..........              (no amulet)
HPRegen 0.14/turn               f - ring of positive energy
MPRegen 0.10/turn               (no ring)

@: no status effects
A: sickness immunity, AC +4, negative energy resistance 1, electricity
resistance, torment resistance 1, petrification resistance
a: no special abilities


You were on level 5 of the Dungeon.
You visited 1 branch of the dungeon, and saw 5 of its levels.

You collected 176 gold pieces.
You spent 125 gold pieces at shops.


Innate Abilities, Weirdness & Mutations

You are immune to sickness and miasma.
Your stone body is resilient. (AC +4)
You are immune to poison.
You resist negative energy. (rN+)
You are resistant to electric shocks. (rElec)
You are resistant to unholy torment.
You are immune to petrification.


   Skills:
 - Level 4.4 Fighting
 - Level 6.0 Axes
 + Level 1.3 Throwing
 - Level 3.2 Armour
 - Level 3.2 Shields


You had 6 spell levels left.
You didn't know any spells.
Your spell library was empty.

Inventory:

Hand Weapons
 q - a +0 flail
 Y - a +1 vorpal war axe (weapon)
Missiles
 l - 2 javelins
 m - 2 silver javelins (quivered)
Armour
 c - a +0 buckler (worn)
 h - a +0 pair of gloves (worn)
 i - a +0 helmet (worn)
 p - a +0 plate armour (worn)
Jewellery
 f - a ring of positive energy (left hand)
 k - a ring of ice
Scrolls
 g - a scroll of identify
 r - a scroll of blinking
Potions
 a - a potion of mutation
 d - a potion of might
 j - a potion of degeneration {unknown}
 n - a potion of haste
 o - 2 potions of curing
 t - a potion of flight {unknown}

Dungeon Overview and Level Annotations

Branches:
Dungeon (5/15)
 Temple: D:4-7

Altars:
Cheibriados
Makhleb
Xom

Shops:
D:2 (   D:4 !([(*


Message History

The ufetubus barely misses you.
The ufetubus hits you but does no damage.
The centaur hits you but does no damage.
You block the centaur's attack.
An orc warrior comes into view. It is wielding a +0 war axe.
The ufetubus hits you but does no damage.
You block the ufetubus's attack.
A scorpion comes into view.
You slash the centaur!
The centaur is severely wounded.
You hit the ufetubus but do no damage.
The centaur hits you but does no damage.
The centaur kicks you but does no damage.
A hornet comes into view.
You block the ufetubus's attack. The ufetubus hits you.
You block the centaur's attack.
The centaur kicks you but does no damage.
The ufetubus hits you but does no damage. x2
The hornet buzzes angrily.
You slash the centaur!
You kill the centaur!
You closely miss the ufetubus. The ufetubus barely misses you.
The ufetubus hits you but does no damage.
An orc comes into view. It is wielding a +0 short sword.
A scorpion comes into view.
The hound bites you but does no damage.
The ufetubus hits you but does no damage.
You block the ufetubus's attack.
A vampire mosquito comes into view.
Your Axes skill increases to level 6!
You have reached level 7!
The orc shouts!
The vampire mosquito buzzes angrily.
You slash the iguana!
The iguana is heavily wounded.
You closely miss the ufetubus. You hit the hound.
You hear an angry hiss.
The iguana bites you. You block the hound's attack.
The ufetubus hits you but does no damage.
The ufetubus barely misses you. The iguana bites you.
You die...

#####
#.@5#
#.lhYs....
##o.o#...#
...#y..#.
..#...#
#...#.s.#
##.. #


oy# ... ... You could see a hornet, an orc warrior, a vampire mosquito, an ice
beast, 2 scorpions, an iguana, a hound, 2 orcs and an ufetubus.

Vanquished Creatures
  An ice beast (D:5)
  A centaur (D:5)
  An ogre (D:5)
  A hound (D:4)
  A jelly (D:4)
  Ijyb (D:3)
  3 gnolls (D:3)
  4 adders
  2 worms (D:2)
  An orc (D:4)
  7 ball pythons
  2 bats (D:1)
  An endoplasm (D:3)
  4 giant cockroaches
  4 goblins
  5 hobgoblins
  7 jackals
  A quokka (D:1)
  3 frilled lizards
  6 kobolds
  4 rats
60 creatures vanquished.

Notes
Turn   | Place    | Note
-------+----------+-------------------------------------------
     0 | D:1      | qw the Gargoyle Fighter began the quest for the Orb.
     0 | D:1      | Reached XP level 1. HP: 14/14 MP: 1/1
     0 | D:1      | 0 ||| qw: Version: 0.1-a-113-g051387a
     0 | D:1      | 0 ||| qw: Game counter: 6900
     0 | D:1      | 0 ||| qw: Always use a shield: true
     0 | D:1      | 0 ||| qw: God list: Okawaru
     0 | D:1      | 0 ||| qw: Allow faded altars: false
     0 | D:1      | 0 ||| qw: Do Orc after D:15 true
     0 | D:1      | 0 ||| qw: Do second Lair branch before Depths: true
     0 | D:1      | 0 ||| qw: Lair rune preference: random
     0 | D:1      | 0 ||| qw: Plans: Normal, Zot, God:TSO, Crypt, Tomb, Zig,
                  | Orb
     0 | D:1      | 0 ||| PLANNING D:1-11
    28 | D:1      | Reached skill level 2 in Axes
   154 | D:1      | 154 ||| Stepping ~*~*~tactically~*~*~ (stealth).
   161 | D:1      | Reached XP level 2. HP: 17/19 MP: 2/2
   514 | D:1      | 514 ||| DROPPING +0 club.
   530 | D:1      | Reached skill level 3 in Axes
   590 | D:1      | Reached XP level 3. HP: 23/23 MP: 3/3
   823 | D:1      | 823 ||| UPGRADING to +0 chain mail.
   833 | D:1      | 833 ||| DROPPING +0 scale mail.
   834 | D:1      | 834 ||| UPGRADING to +0 helmet.
   841 | D:1      | 841 ||| READING scroll labelled AZEQAQA TAECHOU.
   847 | D:1      | 847 ||| READING 2 scrolls labelled MUSUWE HAREMU.
   848 | D:1      | 848 ||| READING scroll labelled MAMEPTI SUFATSELE.
   866 | D:1      | 866 ||| READING scroll labelled GOTHIO LUMAVVA.
   886 | D:2      | Found a faded altar of an unknown god.
   903 | D:2      | Identified the +1 robe "Utiatoa" {Harm rPois rC+}
  1124 | D:2      | Found a snail-covered altar of Cheibriados.
  1232 | D:2      | Reached skill level 1 in Throwing
  1711 | D:2      | Found Poreosec's Antique Weapon Shoppe.
  1717 | D:2      | 1717 ||| READING scroll labelled OTIAMI QEB FIPP.
  1718 | D:2      | 1718 ||| READING 2 scrolls of identify.
  1718 | D:2      | 1718 ||| IDENTIFYING sedimented brown potion
  1785 | D:3      | Noticed Ijyb
  1789 | D:3      | Paralysed by Ijyb for 5 turns
  1797 | D:3      | Paralysed by Ijyb for 5 turns
  1804 | D:3      | Paralysed by Ijyb for 2 turns
  1809 | D:3      | Paralysed by Ijyb for 3 turns
  1817 | D:3      | Killed Ijyb
  1818 | D:3      | Reached XP level 4. HP: 17/28 MP: 4/4
  2089 | D:3      | Found a shimmering altar of Xom.
  2091 | D:3      | 2091 ||| Stepping ~*~*~tactically~*~*~ (hiding).
  2113 | D:3      | Reached skill level 4 in Axes
  2259 | D:3      | Reached XP level 5. HP: 32/32 MP: 5/5
  2280 | D:3      | 2280 ||| DROPPING +0 mace.
  2674 | D:3      | 2674 ||| DROPPING +2 mace of holy wrath.
  2749 | D:3      | 2749 ||| UPGRADING to +0 plate armour.
  2759 | D:3      | 2759 ||| DROPPING +0 chain mail.
  2760 | D:3      | 2760 ||| READING scroll labelled TOPNUWKE POHAI.
  2763 | D:3      | 2763 ||| READING scroll labelled NITRIZXAGH.
  2764 | D:3      | 2764 ||| DRINKING 3 blue potions.
  2765 | D:3      | 2765 ||| READING 2 scrolls of identify.
  2765 | D:3      | 2765 ||| IDENTIFYING black potion
  2779 | D:4      | Found Heunilys's Weapon Emporium.
  2841 | D:4      | Found Vyff's General Store.
  2851 | D:4      | 2851 ||| SHOPLISTING +4 ring of slaying (780 gold, have
                  | 145).
  2851 | D:4      | 2851 ||| BUYING scroll of blinking (75 gold).
  2851 | D:4      | Bought a scroll of blinking for 75 gold pieces
  2851 | D:4      | 2851 ||| SHOPLISTING scroll of enchant armour (75 gold,
                  | have 70).
  2851 | D:4      | 2851 ||| BUYING scroll of identify (20 gold).
  2851 | D:4      | Bought a scroll of identify for 20 gold pieces
  2851 | D:4      | 2851 ||| BUYING scroll of teleportation (30 gold).
  2851 | D:4      | Bought a scroll of teleportation for 30 gold pieces
  2852 | D:4      | Identified the +1 robe of the Sky {rN+}
  2865 | D:4      | Found Elygoics's Weapon Boutique.
  2879 | D:4      | Found Udoxumuj's Antique Armour Emporium.
  2887 | D:4      | 2887 ||| SHOPLISTING distressingly furry chain mail (180
                  | gold, have 20).
  2887 | D:4      | 2887 ||| SHOPLISTING embroidered hat (133 gold, have 20).
  2962 | D:4      | Found Wocvodub's Distillery.
  2970 | D:4      | 2970 ||| SHOPLISTING potion of attraction (33 gold, have
                  | 20).
  2970 | D:4      | 2970 ||| SHOPLISTING potion of curing (33 gold, have 20).
  2970 | D:4      | 2970 ||| SHOPLISTING potion of heal wounds (55 gold, have
                  | 20).
  2970 | D:4      | 2970 ||| SHOPLISTING potion of lignification (33 gold, have
                  | 20).
  2970 | D:4      | 2970 ||| SHOPLISTING potion of resistance (110 gold, have
                  | 20).
  3184 | D:4      | Found a burning altar of Makhleb.
  3192 | D:4      | Reached skill level 5 in Axes
  3247 | D:4      | 3247 ||| UPGRADING to +0 pair of gloves.
  3252 | D:4      | 3252 ||| UPGRADING to ring of positive energy.
  3253 | D:4      | 3253 ||| DRINKING 2 metallic cyan potions.
  3254 | D:4      | 3254 ||| READING 2 scrolls of identify.
  3254 | D:4      | 3254 ||| IDENTIFYING yellow potion
  3255 | D:4      | 3255 ||| DROPPING potion of ambrosia.
  3283 | D:5      | Entered Level 5 of the Dungeon
  3298 | D:5      | Noticed an ogre
  3306 | D:5      | HP: 5/32 [ogre/+0 giant club (16)]
  3307 | D:5      | 3307 ||| READING scroll of teleportation.
  3308 | D:5      | 3308 ||| DRINKING potion of heal wounds.
  3309 | D:5      | Killed an ogre
  3309 | D:5      | Noticed an ice beast
  3309 | D:5      | Noticed a centaur
  3310 | D:5      | Reached XP level 6. HP: 14/39 MP: 6/6
  3311 | D:5      | Killed an ice beast
  3312 | D:5      | HP: 7/39 [ufetubus (3)]
  3312 | D:5      | Noticed an ice beast
  3313 | D:5      | Noticed an orc warrior
  3314 | D:5      | Noticed a hornet
  3315 | D:5      | Noticed a vampire mosquito
  3316 | D:5      | Reached skill level 6 in Axes
  3316 | D:5      | Reached XP level 7. HP: 6/44 MP: 7/7
  3316 | D:5      | HP: 1/44 [iguana (5)]
  3316 | D:5      | Slain by an iguana

Levels and vault maps discovered:
D:1:      dpeg_arrival_lava_altar, layout_basic
D:2:      minmay_evil_eye, layout_basic, serial_shops, nicolae_shop_stone,
          basic_ecumenical_altar, basic_altar
D:3:      layout_loops_ring, mainiacjoe_overflow_paths,
          hangedman_abyss_or_decor_stabs, uniq_ijyb
D:4:      layout_gridville, makhleb_heckhound_becter, serial_shops,
          nicolae_lakefront_shop, nicolae_shop_waterfront,
          nicolae_shop_statue_plus, nicolae_shop_crystal, shop
D:5:      cheibrodos_fzero, layout_rooms, nicolae_gozag_zags_fifth_avenue,
          minmay_misc_feat_roman

Skill      XL: |  1  2  3  4  5  6 |
---------------+-------------------+-----
Axes           | 2 3 4 5 6 |  6.0
Throwing       | 1 |  1.3
Fighting       | 4 |  4.4
Armour         | |  3.2
Shields        | |  3.2

Action                   |  1- 3 |  4- 6 |  7- 9 || total
-------------------------+-------+-------+-------++-------
Melee: War axe           |    78 |    55 |     1 ||   134
Throw: Javelin           |    28 |    31 |       ||    59
  Use: Scroll            |     6 |     5 |       ||    11
       Potion            |       |     3 |       ||     3
Armor: Scale mail        |    21 |       |       ||    21
       Chain mail        |    22 |    21 |       ||    43
       Plate armour      |       |    32 |     1 ||    33
Dodge: Dodged            |    39 |    20 |     1 ||    60
Block: Buckler           |    14 |    16 |     1 ||    31

Table legend:
 A = Non-vault XP
 B = Vault XP
 C = Vault XP percentage of total XP
 D = Non-vault monster count
 E = Vault monster count
 F = Vault count percentage of total count
                 A         B        C        D         E       F
            +---------+---------+-------+---------+---------+-------
      Total |     331 |     332 |  50.1 |      53 |       7 |  11.7
            +---------+---------+-------+---------+---------+-------
        D:1 |      37 |       0 |   0.0 |      21 |       0 |   0.0
        D:2 |      27 |       7 |  20.6 |       8 |       3 |  27.3
        D:3 |      86 |      36 |  29.5 |      16 |       1 |   5.9
        D:4 |      55 |      45 |  45.0 |       6 |       1 |  14.3
        D:5 |     126 |     244 |  65.9 |       2 |       2 |  50.0
            +---------+---------+-------+---------+---------+-------
